 Dungeon Crawl Stone Soup version 0.20.1-1-g8b1a95d (webtiles) character file.

49 Energizer the Slasher (level 3, -2/29 HPs)
             Began as a Demonspawn Chaos Knight on July 22, 2017.
             Slain by a fire bat (shapeshifter) (6 damage)
             ... on level 2 of the Dungeon.
             The game lasted 00:04:26 (1414 turns).

Energizer the Slasher (Demonspawn Chaos Knight)     Turns: 1414, Time: 00:04:26

Health: -2/29      AC:  7    Str: 13    XL:     3   Next: 51%
Magic:  3/3        EV: 11    Int: 13    God:    Xom [...*..]
Gold:   92         SH:  0    Dex: 12    Spells: 2/2 levels left

rFire    . . .     SeeInvis .   a - +0 falchion (chaos)
rCold    . . .     Gourm    .   (no shield)
rNeg     . . .     Faith    .   b - +2 leather armour
rPois    .         Spirit   .   (helmet restricted)
rElec    .         Reflect  .   (no cloak)
rCorr    .         Harm     .   (no gloves)
MR       .....                  (no boots)
Stlth    +.........             (no amulet)
Regen    0.1/turn               (no ring)
MPRegen  0.1/turn               (no ring)

@: no status effects
A: horns 1, slimy green scales 1
a: Renounce Religion


You were on level 2 of the Dungeon.
You worshipped Xom.
You were a favourite toy of Xom.
You were not hungry.

You visited 1 branch of the dungeon, and saw 3 of its levels.

You collected 92 gold pieces.

Inventory:

Hand Weapons
 a - a +0 falchion of chaos (weapon)
Missiles
 e - 7 needles of frenzy
 h - 24 arrows
 n - 70 bolts
 w - 11 poisoned needles
Armour
 b - a +2 leather armour (worn)
Jewellery
 j - an uncursed amulet of magic regeneration {unknown}
 v - an uncursed amulet of the gourmand {unknown}
Scrolls
 g - a scroll of magic mapping {unknown}
 o - a scroll of identify {unknown}
 p - 2 scrolls of recharging {unknown}
 q - a scroll of amnesia {unknown}
 r - a scroll of immolation {unknown}
 t - a scroll of remove curse {unknown}
Potions
 d - 2 potions of curing {unknown}
 f - a potion of flight {unknown}
 k - a potion of brilliance {unknown}
 l - a potion of agility {unknown}
 m - a potion of magic {unknown}
 s - a potion of heal wounds {unknown}
 u - a potion of lignification {unknown}
Comestibles
 c - 3 bread rations


   Skills:
 + Level 3.3 Fighting
 * Level 3.4 Long Blades
 + Level 2.1 Armour
 + Level 1.5 Dodging


You had 2 spell levels left.
You didn't know any spells.

Dungeon Overview and Level Annotations

Branches:
Dungeon (3/15)

Altars:


Innate Abilities, Weirdness & Mutations

You have a pair of small horns on your head.
You are partially covered in slimy green scales. (AC +2)


Message History

Your quasit bites the wyvern.
Your quasit claws the wyvern but does no damage.
Your quasit closely misses the wyvern.
The wyvern closely misses your quasit. The wyvern bites your quasit.
Your quasit bites the wyvern but does no damage.
Your quasit claws the wyvern but does no damage. x2
The wyvern bites your quasit!
Your quasit dies!
The wyvern changes into an ice beast! "Heh heh heh..."
The ice beast looks rather confused.
A quokka comes into view. "Feel my power!"
The ice beast is outlined in light.
The quokka is outlined in light.
The ice beast changes into a fire bat!
The quokka barely misses you.
You riposte.
You closely miss the quokka. The quokka barely misses you.
The fire bat bites you.
You die...
Xom giggles madly!

#.# #.# .# #+#
## .## #. ...
#.##.###
#.#....# ###
###....#.# ..+
+........# ###
#.@.r#.#.#
#..b.....#
####.##### #.#
#+# #.# #.# #.#
#.# #.#
#######.#####
#.#
..........>.###
#.#


You could see a fire bat shaped shifter and a quokka.

Vanquished Creatures
  An adder (D:2)
  An ooze (D:1)
  2 dart slugs (D:1)
  A giant cockroach (D:2)
  4 goblins
  4 hobgoblins (D:1)
  2 jackals (D:2)
  2 kobolds
  3 ball pythons (D:1)
  5 bats
  2 frilled lizards (D:2)
  6 rats
33 creatures vanquished.

Vanquished Creatures (collateral kills)
  A frilled lizard (D:1)
1 creature vanquished.

Grand Total: 34 creatures vanquished

Notes
Turn   | Place    | Note
-------+----------+-------------------------------------------
     0 | D:1      | Energizer the Demonspawn Chaos Knight began the quest for the Orb.
     0 | D:1      | Reached XP level 1. HP: 18/18 MP: 1/1
    18 | D:1      | XOM: harmless Tmut miscast
   186 | D:1      | XOM: cloud trail
   247 | D:1      | XOM: silly message
   338 | D:1      | Reached skill level 1 in Dodging
   343 | D:1      | Gained mutation: You are partially covered in slimy green scales. (AC +2) [demonic ancestry]
   343 | D:1      | Reached XP level 2. HP: 17/24 MP: 2/2
   545 | D:1      | XOM: divination: magic mapping
   674 | D:1      | XOM: cast spell 'Summon Small Mammal'
   808 | D:1      | XOM: scenery: 1 doors close
   871 | D:1      | Gained mutation: You have a pair of small horns on your head. [demonic ancestry]
   871 | D:1      | Reached XP level 3. HP: 29/29 MP: 3/3
  1282 | D:2      | XOM: god gift: 46 gold pieces
  1383 | D:2      | Noticed a wyvern
  1383 | D:2      | a worm changed into a wyvern
  1386 | D:2      | Xom revived you
  1388 | D:2      | HP: 1/29 [wyvern (shapeshifter) (1)]
  1390 | D:3      | Noticed a bullfrog
  1392 | D:2      | XOM: summons 3 friendly demons
  1407 | D:2      | Noticed an ice beast
  1407 | D:2      | a wyvern changed into an ice beast
  1409 | D:2      | XOM: confuse monster(s)
  1410 | D:2      | XOM: fake destruction
  1410 | D:2      | Noticed a fire bat
  1410 | D:2      | an ice beast changed into a fire bat
  1414 | D:2      | Slain by a fire bat (shapeshifter)

Skill      XL: |  1  2  3 |
---------------+----------+-----
Dodging        | 1 |  1.5
Long Blades    | 3 |  3.4
Armour         | 2 |  2.1
Fighting       | |  3.3

Action                   || total
-------------------------++-------
Melee: Falchion          ||    70
       Headbutt          ||     3
  Eat: Chunk             ||     2
Armor: Leather armour    ||    22
Dodge: Dodged            ||    48
       Rpst.: Falchion   ||    14
